 Dungeon Crawl Stone Soup version 0.21-a0-2-ge494091 (webtiles) character file.

471 Klosterheim the Slasher (level 7, 0/46 HPs)
             Began as a Halfling Skald on May 21, 2017.
             Slain by a gnoll
             ... wielding a +0 spear
              (4 damage)
             ... on level 4 of the Dungeon.
             The game lasted 00:10:03 (5040 turns).

Klosterheim the Slasher (Halfling Skald)            Turns: 5040, Time: 00:10:03

Health: 0/46       AC:  6    Str: 12    XL:     7   Next: 31%
Magic:  2/10       EV: 13    Int: 13    God:
Gold:   147        SH:  0    Dex: 14    Spells: 7/10 levels left

rFire    . . .     SeeInvis .   a - +0 falchion
rCold    . . .     Gourm    .   (shield restricted)
rNeg     . . .     Faith    .   v - +0 ring mail
rPois    .         Spirit   .   (no helmet)
rElec    .         Reflect  .   (no cloak)
rCorr    .         Harm     .   m - +0 pair of gloves
MR       .....                  (no boots)
Stlth    +.........             (no amulet)
Regen    0.2/turn               (no ring)
MPRegen  0.2/turn               (no ring)

@: no status effects
A: mutation resistance 1
a: no special abilities


You were on level 4 of the Dungeon.
You were very hungry.

You visited 1 branch of the dungeon, and saw 4 of its levels.

You collected 147 gold pieces.

Inventory:

Hand Weapons
 a - a +0 falchion (weapon)
Armour
 b - a +2 shield
 m - a +0 pair of gloves (worn)
 v - a +0 ring mail (worn)
Jewellery
 f - an uncursed ring of ice
Scrolls
 e - a scroll of enchant weapon {unknown}
 j - a scroll of enchant armour {unknown}
 l - a scroll of fog {unknown}
 o - 2 scrolls of teleportation {unknown}
 p - a scroll of remove curse
 q - a scroll of recharging
Potions
 r - a potion of magic
 s - a potion of cancellation
 t - a potion of invisibility {unknown}
 u - a potion of mutation {unknown}
Books
 c - a book of Battle

   Spells                             Type                      Level
   a - Infusion                       Charms                       1
   b - Shroud of Golubria             Charms/Translocation         2
   c - Song of Slaying                Charms                       2
   d - Spectral Weapon                Hexes/Charms                 3
   e - Regeneration                   Charms/Necromancy            3
Comestibles
 d - 4 bread rations
 i - 2 meat rations
 w - a fruit


   Skills:
 - Level 3.3 Fighting
 - Level 5.0 Long Blades
 - Level 1.1 Armour
 - Level 2.1 Dodging
 + Level 2.3 Spellcasting
 * Level 4.9 Charms
 - Level 1.2 Translocations


You had 7 spell levels left.
You knew the following spells:

 Your Spells              Type           Power        Failure   Level  Hunger
a - Infusion              Chrm           ##..         8%          1    #......
b - Shroud of Golubria    Chrm/Tloc      #.........   24%         2    ###....


Dungeon Overview and Level Annotations

Branches:
Dungeon (4/15)
 Temple: D:4-7

Altars:
Okawaru
Trog


Innate Abilities, Weirdness & Mutations

You are small and have problems with some larger weapons.
You are somewhat resistant to further mutation.


Message History

You hit the gnoll but do no damage.
The gnoll is heavily wounded.
The gnoll barely misses you.
You closely miss the gnoll.
The gnoll is heavily wounded.
The gnoll closely misses you.
Your ring mail prevents you from hitting the gnoll.
The gnoll is heavily wounded.
The gnoll completely misses you.
You closely miss the gnoll.
The gnoll is heavily wounded.
The gnoll closely misses you.
You closely miss the gnoll.
The gnoll is heavily wounded.
Your shroud unravels.
The gnoll barely misses you. x2
You hit the gnoll but do no damage.
The gnoll is heavily wounded.
The gnoll hits you with a spear.
You die...

....O#..####..#
..... ..## ....
...# .........
.....#.#
....#.#
#.#.####..#
#...g.....# #@#
##.# #.(# #.##
#)# #(# ###.#
#...# #.###


You could see a gnoll.

Vanquished Creatures
  An ogre (D:4)
  A centaur (D:4)
  A scorpion (D:4)
  2 orc wizards (D:3)
  An iguana (D:2)
  Terence (D:2)
  5 adders
  3 worms
  6 leopard geckos
  6 orcs
  10 bats
  A giant cockroach (D:1)
  12 goblins
  7 hobgoblins
  10 jackals
  2 quokkas (D:3)
  5 frilled lizards
  12 kobolds
  9 rats
95 creatures vanquished.

Notes
Turn   | Place    | Note
-------+----------+-------------------------------------------
     0 | D:1      | Klosterheim the Halfling Skald began the quest for the Orb.
     0 | D:1      | Reached XP level 1. HP: 14/14 MP: 3/3
   219 | D:1      | Reached XP level 2. HP: 16/19 MP: 4/4
   563 | D:1      | Reached skill level 3 in Long Blades
   857 | D:1      | Reached XP level 3. HP: 10/24 MP: 5/5
  1991 | D:2      | Reached XP level 4. HP: 25/30 MP: 3/6
  2071 | D:2      | Noticed Terence
  2094 | D:2      | Killed Terence
  2322 | D:2      | Reached skill level 4 in Long Blades
  2594 | D:2      | Found a bloodstained altar of Trog.
  2595 | D:2      | Found an iron altar of Okawaru.
  2625 | D:2      | Reached XP level 5. HP: 11/36 MP: 7/7
  3909 | D:3      | Reached skill level 5 in Long Blades
  3909 | D:3      | Reached XP level 6. HP: 42/42 MP: 8/8
  4024 | D:2      | Learned a level 2 spell: Shroud of Golubria
  4527 | D:4      | Noticed an ogre
  4626 | D:4      | HP: 2/42 [poisoned by a scorpion]
  4634 | D:4      | HP: 1/42 [poisoned by a scorpion]
  4967 | D:4      | Killed an ogre
  4967 | D:4      | Reached skill level 1 in Translocations
  4967 | D:4      | Reached XP level 7. HP: 46/46 MP: 3/10
  5040 | D:4      | Slain by a gnoll

Vault maps used:
D:1:      lightli_arrival_farm
D:2:      grunt_temple_overflow_open, minmay_crystal_room, uniq_terence
D:3:      serial_corexii_hall, corexii_hall_statues_i, corexii_hall_statues_l,
          serial_bayou_ford_a
D:4:      dancing_weapons_uskayaw, serial_shops,
          nicolae_shop_temple_entry_statues_fountains, nrook_uturn,
          grunt_decor_one_mirror, trog_butcher_becter

Skill      XL: |  1  2  3  4  5  6 |
---------------+-------------------+-----
Fighting       | 2 3 |  3.3
Long Blades    | 3 4 5 |  5.0
Spellcasting   | 2 |  2.3
Charms         | 4 |  4.9
Translocations | 1 |  1.2
Armour         | |  1.1
Dodging        | |  2.1

Action                   |  1- 3 |  4- 6 |  7- 9 || total
-------------------------+-------+-------+-------++-------
Melee: Falchion          |    68 |   338 |    25 ||   431
       Dagger            |   133 |       |       ||   133
 Cast: Infusion          |     8 |     8 |     1 ||    17
       Shroud of Golubri |       |     4 |     2 ||     6
  Use: Scroll            |     4 |     4 |       ||     8
       Potion            |     1 |     3 |     1 ||     5
  Eat: Chunk             |     4 |    10 |       ||    14
Armor: Leather armour    |    51 |       |       ||    51
       Chain mail        |       |   132 |       ||   132
       Ring mail         |       |    28 |     9 ||    37
       Skin              |       |     3 |       ||     3
Dodge: Dodged            |   188 |   165 |    26 ||   379
Block: Shield            |       |    57 |       ||    57
       Rpst.: Falchion   |    36 |    52 |     4 ||    92
